Zazza, neutral female human Tourist ------------- #-........>..| #|...........| #|...........| #|...........| #|...........| #|...........| #----------|-- ## # |.............. ##d## # | # f # # ### # # # ### # ##` # # # ## # ###----|- #########....<| |....| ------ Zazza the Sightseer Experience level: 3 Strength: 13 Dexterity: 9 Constitution: 18 Intelligence: 14 Wisdom: 9 Charisma: 18 Health: 0(25) Energy: 8(8) Def: 9 Gold: 1033 Moves: 6024 Dungeon seed: 5udiIpq2UzzTcYUu Game ID: Zazza_1600611573 Your Inventory: Coins $ - 1033 gold pieces Weapons a - 40 blessed +2 darts j - a +0 dwarvish mattock l - a +1 dwarvish short sword p - a blessed +0 elven dagger (weapon in hand) z - 4 +0 darts B - a +0 orcish dagger L - 39 +2 darts R - a +0 knife W - a cursed +0 dagger Armor d - an uncursed +0 dwarvish mithril-coat (being worn) e - an uncursed +0 Hawaiian shirt (being worn) m - an uncursed +0 dwarvish iron helm o - an uncursed +0 dwarvish cloak q - an uncursed +0 elven mithril-coat y - a blessed +0 orcish helm (being worn) A - an uncursed +0 pair of iron shoes N - a cursed +0 cloak of invisibility (being worn) Y - an uncursed +0 pair of elven boots (being worn) Z - an uncursed +0 pair of low boots Comestibles x - an uncursed egg S - a cursed egg V - 2 cursed tripe rations Scrolls h - 2 uncursed scrolls of magic mapping C - a cursed scroll of teleportation H - an uncursed scroll of enchant armor X - a blessed scroll of amnesia Potions b - an uncursed potion of gain level g - an uncursed potion of extra healing v - a cursed potion of fruit juice F - a cursed potion of gain ability M - an uncursed potion of enlightenment O - a cursed potion of restore ability Rings s - a cursed +1 ring of gain constitution (on right hand) u - a blessed +1 ring of gain strength (on left hand) Wands G - a cursed wand of create monster (0:10) T - a wand of striking (0:0) Tools f - an uncursed tin whistle i - an expensive camera (0:82) k - a magic marker (0:81) t - an uncursed skeleton key K - an uncursed oil lamp (0:0) Q - an uncursed tin opener Gems n - an uncursed amethyst stone r - an uncursed chrysoberyl stone E - an uncursed flint stone J - an uncursed worthless piece of white glass U - an uncursed worthless piece of green glass Spells and supernatural/magical abilities: Name Level Category Fail Memory W - pray for help -- divine ? -- Your skills at the end: Fighting Skills Weapon Skills dagger [Basic] dart [Basic] Spellcasting Skills Final Attributes: You were fervently aligned. You were poison resistant. You were telepathic. You were invisible. You were stealthy. You are dead. Vanquished creatures: a ghost a quivering blob 3 Mordor orcs 2 rock piercers a rock mole a pony a yellow light a gray ooze a baby crocodile a giant ant a little dog 3 floating eyes a kitten a dwarf 2 homunculi 2 kobold lords a kobold shaman a rothe 4 orc zombies 3 iguanas 4 killer bees 2 hobbits 2 large kobolds a hobgoblin 3 giant rats 2 yellow molds 2 red molds 8 geckos 6 jackals 4 goblins 4 sewer rats 11 grid bugs 5 bats 4 lichens a kobold zombie 8 newts 99 creatures vanquished. Voluntary challenges: You had followed a strict vegetarian diet until turn 2634. You used a wielded weapon 31 times, starting on turn 2243. You read items or engraved 9 times, starting on turn 88. You never genocided any monsters. You never polymorphed an object. You never changed form. You used no wishes. You never split a pudding. You wrote Elbereth's name 5 times, starting on turn 88. You never violated your personal moral code. Dungeon overview: The Dungeons of Doom: levels 1 to 11 Level 1 a long staircase Level 2 stairs to The Gnomish Mines Level 3 a weapon shop Level 4 an armor shop Level 5 a scroll shop, an altar to The Lady, some fountains Level 6 an altar to The Lady, a fountain Level 7 many fountains Level 8 a long staircase Level 9 a general store, a fountain Level 10 a jewelry store Level 11 <- You were here The Gnomish Mines: Level 3 stairs to The Dungeons of Doom History has recorded: On T:1 you entered the Dungeons of Doom to retrieve the Amulet of Yendor! On T:467 you reached level 2 of The Dungeons of Doom. On T:962 you reached level 1 of The Gnomish Mines. On T:979 you reached level 3 of The Dungeons of Doom. On T:1794 you reached level 4 of The Dungeons of Doom. On T:2517 you reached level 5 of The Dungeons of Doom. On T:2540 you reached level 6 of The Dungeons of Doom. On T:2927 you advanced to experience level 2. On T:3767 you reached level 7 of The Dungeons of Doom. On T:4060 you advanced to experience level 3. On T:4266 you reached level 8 of The Dungeons of Doom. On T:4829 you reached level 9 of The Dungeons of Doom. On T:5369 you reached level 10 of The Dungeons of Doom. On T:5862 you reached level 11 of The Dungeons of Doom. Score breakdown: Gold: 83 ( 6545 points) Experience: 3 levels ( 7878 points) Exploration: 11 levels ( 22.92%) (13837 points) Discoveries: 16 items ( 5.37%) ( 6951 points) Valuables value: (no points given unless you survive) Artifact value: 0 ( 0 points) Variety of kills: 36 monsters ( 9.45%) ( 9221 points) Turncount: 6024 turns (-1629 points) Survival: died (score multiplied by 80%) Total score: 34242 Latest messages: The wolf misses Armand. The wolf misses. You hear some noises. You are beginning to feel weak. This melon is delicious! You don't feel so weak now. You finish eating the melon. There are a few objects here. Blecch! Rotten food! The world spins and goes dark. You come to. You resume your meal. You finish eating the goblin corpse. You have a little trouble lifting B - a crude dagger. You are beginning to feel hungry. You displace Armand. You try to move the boulder, but in vain. (2x) The wolf bites! You miss the wolf. The wolf bites! (2x) You die... Final status: Aloha Zazza the Tourist, killed by a wolf... You died in The Dungeons of Doom on dungeon level 11 with 34242 points, and 1033 pieces of gold, after 6024 moves. You were level 3 with a maximum of 25 hit points when you died.